 Dungeon Crawl Stone Soup version 0.30-a0-591-g3c58d2bc28 (webtiles) character file.

Game seed: 11952950326664850531

37 OTABOTABOTAB the Insei (level 3, -1/28 HPs)
             Began as a Gnoll Transmuter on Jan 4, 2023.
             Slain by a quokka (4 damage)
             ... on level 1 of the Dungeon.
             The game lasted 00:01:21 (609 turns).

OTABOTABOTAB the Insei (Gnoll Transmuter)            Turns: 609, Time: 00:01:22

Health: -1/28      AC:  2    Str:  9    XL:     3   Next: 39%
Magic:  8/9        EV: 13    Int: 14    God:
Gold:   24         SH:  0    Dex: 12    Spells: 11/12 levels left

rFire   . . .      SeeInvis .      - Unarmed
rCold   . . .      Faith    .    (no shield)
rNeg    . . .      Spirit   .    a - +0 robe
rPois   .          Reflect  .    (helmet currently unavailable)
rElec   .          Harm     .    (no cloak)
rCorr   .          Rampage  .    (no gloves)
Will    .....                    (boots currently unavailable)
Stlth   +                        (no amulet)
HPRegen 0.24/turn                (no ring)
MPRegen 0.11/turn                (no ring)

@: appendages
A: horns 2, talons 2, fangs 1, strong nose, distributed training
a: End Transformation


You were on level 1 of the Dungeon.
You had temporarily grown beastly horns and talons.
You visited 1 branch of the dungeon, and saw 1 of its levels.

You collected 24 gold pieces.

Inventory:

Missiles
 s - 10 stones
Armour
 a - a +0 robe (worn)
Scrolls
 e - a scroll of noise {unknown}
Potions
 b - a potion of magic {unknown}
 c - 2 potions of curing {unknown}
 d - 2 potions of resistance {unknown}
 P - 2 potions of lignification {!q}


   Skills:
 + Level 2.6 Fighting
 + Level 0.8 Short Blades
 + Level 0.8 Long Blades
 + Level 0.8 Axes
 + Level 0.8 Maces & Flails
 + Level 0.8 Polearms
 + Level 0.8 Staves
 + Level 0.8 Ranged Weapons
 + Level 0.8 Throwing
 + Level 0.8 Armour
 + Level 4.5 Dodging
 + Level 0.8 Stealth
 + Level 0.8 Shields
 + Level 6.5 Unarmed Combat
 + Level 5.0 Spellcasting
 + Level 0.5 Conjurations
 + Level 0.5 Hexes
 + Level 0.5 Summonings
 + Level 0.5 Necromancy
 + Level 0.5 Translocations
 + Level 3.7 Transmutations
 + Level 0.5 Fire Magic
 + Level 0.5 Ice Magic
 + Level 0.5 Air Magic
 + Level 0.5 Earth Magic
 + Level 0.5 Poison Magic
 + Level 1.0 Invocations
 + Level 0.8 Evocations


You had 11 spell levels left.
You knew the following spells:

 Your Spells              Type           Power      Damage    Failure   Level
a - Beastly Appendage     Tmut           28%        N/A       3%          1

Your spell library contained the following spells:

 Spells                   Type           Power      Damage    Failure   Level
 Wereblood                Tmut           14%        N/A       5%          2
 Spider Form              Tmut/Pois      9%         N/A       22%         3
 Ice Form                 Ice/Tmut       9%         N/A       56%         4


Dungeon Overview and Level Annotations

Branches:
Dungeon (1/15)

Altars:


Innate Abilities, Weirdness & Mutations

You have temporarily grown beastly horns and talons.
You have very sharp teeth.
Your uncanny sense of smell can sniff out nearby items.
Your experience applies equally to all skills.


Message History

You take 1 damage, and have 26/28 hp.
You grow a pair of large bovine horns.
Your feet morph into talons.
The ball python completely misses you. The ball python constricts you.
You now have 8/9 mp.
You hit the ball python but do no damage.
The ball python bites you. The ball python constricts you.
Unknown command.
You hit the ball python.
You kill the ball python!
You hit the hobgoblin. The hobgoblin closely misses you.
You punch the hobgoblin!
You kill the hobgoblin!
No target in view!
Unknown command.
Unknown command.
Your horns disappear.
Your talons disappear.
You see here a ball python corpse.
e - a scroll labelled JOABAA YLOTH Health restored: 28; MP restored: 9 A giant cockroach comes into view.
A giant cockroach is nearby!
A giant cockroach is nearby!
A giant cockroach is nearby!
You grow a pair of large bovine horns.
Your feet morph into talons.
A ball python comes into view.
An endoplasm comes into view.
You now have 8/9 mp.
The giant cockroach bites you.
You take 2 damage, and have 26/28 hp.
Unknown command.
The endoplasm quivers.
You hit the giant cockroach. Your kick misses the giant cockroach.
The giant cockroach bites you. The ball python barely misses you. x2
You take 1 damage, and have 25/28 hp.
You hit the giant cockroach.
You kill the giant cockroach!
The ball python closely misses you. x2
You hit the ball python.
You headbutt the ball python, but do no damage.
The ball python closely misses you. x2
Unknown command.
You hit the ball python. Your kick misses the ball python.
The ball python closely misses you. The ball python grabs you.
The ball python constricts you.
You barely miss the ball python. You claw the ball python.
You kill the ball python!
A ball python and a quokka come into view.
The endoplasm hits you but does no damage.
You see here a giant cockroach corpse.
You barely miss the endoplasm. You claw the endoplasm.
You headbutt the endoplasm.
You kill the endoplasm!
Your transformation is almost over.
Your Invocations skill increases to level 1!
A quokka comes into view.
MP restored: 9 The ball python hisses angrily.
The quokka closely misses you.
Okay, then.
You barely miss the quokka.
A frilled lizard comes into view.
The quokka bites you.
You take 3 damage, and have 24/28 hp.
The frilled lizard hisses angrily.
You hit the ball python but do no damage.
You claw the ball python.
You kill the ball python!
The quokka bites you.
You take 1 damage, and have 23/28 hp.
Unknown command.
You barely miss the quokka. Your kick misses the quokka.
The quokka barely misses you.
You barely miss the quokka. You claw the quokka.
The quokka completely misses you. The quokka bites you.
You take 2 damage, and have 21/28 hp.
You hit the quokka. The quokka bites you. x2
You take 8 damage, and have 13/28 hp.
MASSIVE DAMAGE!!
Unknown command.
You extend your transformation's duration.
The quokka bites you. The quokka barely misses you. The quokka bites you.
You take 3 damage, and have 10/28 hp.
You now have 8/9 mp.
You are too injured to fight recklessly!
You are too injured to fight recklessly!
You hit the quokka.
You kill the quokka!
The quokka misses you.
You hit the quokka. You bite the quokka, but do no damage.
The quokka bites you.
* * * LOW HITPOINT WARNING * * *
You take 4 damage, and have 6/28 hp.
You miss the quokka. Your kick misses the quokka.
The frilled lizard bites you but does no damage.
The quokka bites you.
* * * LOW HITPOINT WARNING * * *
You take 3 damage, and have 3/28 hp.
You hit the frilled lizard.
You kill the frilled lizard!
The quokka bites you.
You die...

#...# #.#..### .
#..#...# [.....
###...... #......
........# ....$.
..$.....##....##
......†r....?..#?
......†@##.....(#
########.......##
#††.....$# #....(..#.
###......##.
#........... ..
####............# #.##
#.....................
#................###..


You could see a quokka.

Vanquished Creatures
  5 endoplasms (D:1)
  4 giant cockroaches (D:1)
  3 goblins (D:1)
  4 hobgoblins (D:1)
  3 jackals (D:1)
  3 quokkas (D:1)
  3 ball pythons (D:1)
  A bat (D:1)
  A frilled lizard (D:1)
  A kobold (D:1)
  3 rats (D:1)
31 creatures vanquished.

Notes
Turn   | Place    | Note
-------+----------+-------------------------------------------
     0 | D:1      | OTABOTABOTAB the Gnoll Transmuter began the quest for the
                  | Orb.
     0 | D:1      | Reached XP level 1. HP: 17/17 MP: 6/6
   185 | D:1      | Reached XP level 2. HP: 18/23 MP: 7/7
   443 | D:1      | Reached skill level 5 in Spellcasting
   443 | D:1      | Reached XP level 3. HP: 28/28 MP: 7/9
   598 | D:1      | Reached skill level 1 in Invocations
   607 | D:1      | HP: 6/28 [quokka (5)]
   609 | D:1      | Slain by a quokka

Illustrated notes

Levels and vault maps discovered:
D:1:      shiori_arrival_elements, layout_basic, st_stairs_8, minmay_tall_x

Skill      XL: |  1  2  3 |
---------------+----------+-----
Spellcasting   | 5 |  5.0
Invocations    | 1 |  1.0
Fighting       | |  2.6
Short Blades   | |  0.8
Long Blades    | |  0.8
Axes           | |  0.8
Maces & Flails | |  0.8
Polearms       | |  0.8
Staves         | |  0.8
Ranged Weapons | |  0.8
Throwing       | |  0.8
Armour         | |  0.8
Dodging        | |  4.5
Stealth        | |  0.8
Shields        | |  0.8
Unarmed Combat | |  6.5
Conjurations   | |  0.5
Hexes          | |  0.5
Summonings     | |  0.5
Necromancy     | |  0.5
Translocations | |  0.5
Transmutations | |  3.7
Fire Magic     | |  0.5
Ice Magic      | |  0.5
Air Magic      | |  0.5
Earth Magic    | |  0.5
Poison Magic   | |  0.5
Evocations     | |  0.8

Action                   || total
-------------------------++-------
Melee: Unarmed           ||    87
       Bite              ||     8
       Kick              ||     4
       Headbutt          ||     2
Throw: Stone             ||     3
 Cast: Beastly Appendage ||     3
 Abil: End Transformatio ||     1
 Stab: Sleeping          ||     2
Armor: Robe              ||    18
Dodge: Dodged            ||    59

Table legend: (Time is in decaauts)
 A = Elapsed time spent in this place.
 B = Non-inter-level travel time spent in this place.
 C = Inter-level travel time spent in this place.
 D = Time resting spent in this place.
 E = Time spent auto-exploring this place.
 F = Levels seen in this place.
 G = Mean time per level.
                   A        B        C        D        E       F      G
               +--------+--------+--------+--------+--------+-----+--------+
         Total |    598 |    598 |      0 |      0 |    428 |   1 |  598.0 |
       Dungeon |    598 |    598 |      0 |      0 |    428 |   1 |  598.0 |
               +--------+--------+--------+--------+--------+-----+--------+

Top non-repeatable levels by time:
     D:1: 598 daAuts

Table legend:
 A = Kills in this place as a percentage of kills in entire the game.
 B = Kills by you in this place as a percentage of kills by you in the entire game.
 C = Kills by friends in this place as a percentage of kills by friends in the entire game.
 D = Other kills in this place as a percentage of other kills in the entire game.
 E = Experience gained in this place as a percentage of experience gained in the entire game.
 F = Experience gained in this place divided by the number of levels of this place that you have seen.
                   A       B       C       D       E      F
               +-------+-------+-------+-------+-------+----------------------
         Total | 100.0 | 100.0 |   N/A |   N/A | 100.0 |  54.0
       Dungeon | 100.0 | 100.0 |   N/A |   N/A | 100.0 |  54.0
               +-------+-------+-------+-------+-------+----------------------
